 Dungeon Crawl Stone Soup version 0.15-a0-1808-ge879653 (webtiles) character file.

46 MackTheKnife the Vandal (level 3, -5/20 HPs)
             Began as a Kobold Arcane Marksman on July 1, 2014.
             Slain by a worm (8 damage)
             ... on Level 2 of the Dungeon.
             The game lasted 00:04:03 (959 turns).

MackTheKnife the Vandal (Kobold Arcane Marksman)     Turns: 959, Time: 00:04:03

HP  -5/20        AC  5     Str  9      XL: 3   Next: 92%
MP   2/4         EV 15     Int 11      God:
Gold 32          SH  0     Dex 16      Spells:  2 memorised,  1 level left

rFire  . . .     SeeInvis .     i - +0 whip
rCold  . . .     Clarity  .     a - +0 robe
rNeg   . . .     rCorr    .     (no shield)
rPois  .         rRot     .     (no helmet)
rElec  .         Spirit   .     (no cloak)
SustAb .         Warding  .     (no gloves)
rMut   .         Stasis   .     k - +2 pair of boots
Gourm  .                        (no amulet)
MR     .....                    (no ring)
                                (no ring)

@: not resistant to hostile enchantments, very unstealthy
A: carnivore 3
a: no special abilities


You were on level 2 of the Dungeon.
You were not hungry.

You visited 1 branch of the dungeon, and saw 2 of its levels.

You collected 32 gold pieces.


Innate Abilities, Weirdness & Mutations

You are small and have problems with some larger weapons.
You are carnivorous and can eat meat at any time.


   Skills:
 - Level 1.1 Fighting
 + Level 4.7 Slings
 - Level 2.4 Dodging
 - Level 1.0 Spellcasting
 - Level 3.0 Hexes


You had one spell level left.
You knew the following spells:

 Your Spells              Type           Power        Failure   Level  Hunger
x - Slow                  Hex            #.......     17%         2    ###....
z - Corona                Hex            #......      12%         1    ##.....

Inventory:

Hand weapons
 b - a +4 sling
 i - a +0 whip (weapon)
Armour
 a - a +0 robe (worn)
 k - a +2 pair of boots (worn)
Comestibles
 f - 4 meat rations
 g - a royal jelly
 h - a beef jerky
Scrolls
 e - 3 scrolls of identify
 j - 2 scrolls of remove curse
Books
 d - a book of Debilitation

   Spells                             Type                      Level
   *Corona                            Hexes                        1
   *Slow                              Hexes                        2
   Inner Flame                        Hexes/Fire                   3
   Enslavement                        Hexes                        4
   Cause Fear                         Hexes                        4
   Leda's Liquefaction                Hexes/Earth                  4

·····▒·▒···▒▒▒▒▒·▒▒▒▒▒
············▒ ▒·▒
·▒··▒····▒▒·▒▒ ▒▒·▒
·········▒▒··▒▒▒··▒▒
·▒··▒▒▒··▒▒▒·▒▒···%▒▒▒
▒· ▒▒··▒▒▒·······)·▒
·▒·▒··▒▒···!▒▒▒········▒
········gw·············▒
······▒▒K······>·······▒
···· ▒▒·▒▒············▒
£····▒··▒▒····▒▒····▒▒▒
▒▒·····················▒
··
······················▒
···
▒···▒▒▒▒▒▒············▒
▒·▒▒···▒ ▒············▒
▒▒▒▒····%·▒
▒▒▒▒·)··▒▒▒·▒▒▒▒▒
▒···(·····▒ ▒·%··▒·▒▒
▒·▒


You could see a worm and a hobgoblin.


Message History

You aren't carrying any potions.
Read which item? (? for menu, Esc to quit)
Okay, then.
You barely miss the jackal.
The jackal is lightly wounded.
The jackal bites you.
* * * LOW HITPOINT WARNING * * *
Aiming: Slow
Aim: a jackal (lightly wounded)
The jackal resists with significant effort.
The jackal barely misses you.
Aiming: Slow
Aim: a jackal (lightly wounded)
The jackal resists with significant effort.
The jackal bites you but does no damage.
The jackal barely misses you.
You hit the jackal.
The jackal is severely wounded.
The jackal misses you.
You hit the jackal but do no damage.
The jackal is severely wounded.
The jackal closely misses you. x2
You closely miss the jackal.
The jackal is severely wounded.
The jackal misses you.
You hit the jackal.
You kill the jackal!
Found 12 gold pieces.
The worm bites you!
You die...

Action                   || total
-------------------------++-------
Melee: Whip              ||    13
 Fire: Sling             ||    91
 Cast: Slow              ||     2
  Use: Scroll            ||    11

Vault maps used:
D:1:      lightli_arrival_noodles

Notes
Turn   | Place    | Note
--------------------------------------------------------------
     0 | D:1      | MackTheKnife, the Kobold Arcane Marksman, began the quest for the Orb.
     0 | D:1      | Reached XP level 1. HP: 12/12 MP: 2/2
   117 | D:1      | Reached skill level 3 in Slings
   139 | D:1      | Reached XP level 2. HP: 16/16 MP: 3/3
   333 | D:1      | Learned a level 2 spell: Slow
   591 | D:1      | Reached XP level 3. HP: 20/20 MP: 4/4
   598 | D:1      | Reached skill level 4 in Slings
   928 | D:2      | HP: 2/20 [jackal (2)]
   959 | D:2      | Slain by a worm

Vanquished Creatures
  An adder (D:2)
  An ooze (D:1)
  3 goblins
  8 hobgoblins
  4 jackals (D:2)
  7 kobolds
  3 bats (D:1)
  A giant gecko (D:1)
  3 giant newts
  4 rats (D:1)
35 creatures vanquished.
